 Dungeon Crawl Stone Soup version 0.26-a0-54-g15ccc7ae60 (webtiles) character file.

Game seed: 10087204622068267205

1248 Lauz the Fighter (level 8, 0/77 HPs)
             Began as a Demigod Wanderer on June 7, 2020.
             Slain by a bone dragon (16 damage)
             ... on level 1 of the Abyss.
             The game lasted 00:21:29 (7100 turns).

Lauz the Fighter (Demigod Wanderer)                 Turns: 7100, Time: 00:21:29

Health: 0/77       AC:  6    Str: 19      XL:     8   Next: 5%
Magic:  16/16      EV: 11    Int: 16 (17) God:
Gold:   145        SH:  0    Dex: 20      Spells: 13/13 levels left

rFire    . . .     SeeInvis .   a - +2 quarterstaff
rCold    . . .     Gourm    .   (shield currently unavailable)
rNeg     . . .     Faith    .   z - +0 leather armour
rPois    .         Spirit   .   t - +0 helmet
rElec    .         Reflect  .   (no cloak)
rCorr    .         Harm     .   (no gloves)
MR       .....                  h - +1 pair of boots
Stlth    +.........             (no amulet)
HPRegen  0.22/turn              x - +6 ring of dexterity
MPRegen  0.15/turn              (no ring)

@: confused, afraid, hasted, very quick
A: high mp 1
a: no special abilities


You were on level 1 of the Abyss.
You were not hungry.

You visited 1 branch of the dungeon, and saw 6 of its levels.
You visited the Abyss 1 time.

You collected 145 gold pieces.

Inventory:

Hand Weapons
 a - a +2 quarterstaff (weapon)
Armour
 c - a +0 robe
 h - a +1 pair of boots (worn)
 t - a +0 helmet (worn)
 y - a +2 scale mail of cold resistance
 z - a +0 leather armour (worn)
Jewellery
 r - a cursed amulet of inaccuracy
 x - a +6 ring of dexterity (left hand)
Wands
 l - a wand of digging (3)
Scrolls
 f - 2 scrolls of remove curse
 g - 3 scrolls of blinking
 i - 2 scrolls of enchant armour {unknown}
 j - 2 scrolls of identify
 m - a scroll of noise {unknown}
 n - 2 scrolls of magic mapping {unknown}
 p - a scroll of fog {unknown}
 q - 2 scrolls of immolation {unknown}
 s - a scroll of amnesia {unknown}
 A - a scroll of enchant weapon {unknown}
Potions
 b - a potion of lignification
 e - 5 potions of curing
 k - a potion of haste
 o - a potion of stabbing
 u - a potion of might {unknown}
 v - a potion of resistance
 w - a potion of brilliance
Comestibles
 d - 9 rations


   Skills:
 * Level 8.9 Fighting
 + Level 4.3 Staves
 * Level 1.3 Armour
 * Level 3.4 Spellcasting
 + Level 1.7 Evocations


You had 13 spell levels left.
You didn't know any spells.
Your spell library was empty.

Dungeon Overview and Level Annotations

Branches:
Dungeon (6/15)             Temple (0/1) D:4

Annotations:
D:3 Sigmund
D:5 Hasart's ghost, amateur DDFi
D:6 Blork the orc


Innate Abilities, Weirdness & Mutations

You have an increased reservoir of magic. (+10% MP)


Message History

The glowing orange brain pulsates.
The glowing orange brain radiates an aura of fear!
You are terrified of the glowing orange brain!
The sky beast barely misses you. The large abomination hits you!!
You barely miss the glowing orange brain.
The glowing orange brain is heavily wounded.
The glowing orange brain pulsates.
You are confused.
The sky beast hits you but does no damage.
You attempt to attack the glowing orange brain, but flinch away in fear!
The sky beast barely misses you.
You bump into the metal wall.
The sky beast hits you but does no damage.
Sorry, you're not good enough to have a special ability.
Unknown command.
You feel yourself speed up. The sky beast hits you. The sky beast shocks you.
The bone dragon bites you!!
* * * LOW HITPOINT WARNING * * *
The bone dragon claws you!
You die...

.#.. # .
#.... #. #.#
#.. #... .
#. ..##.. #.
#
#......#..#
# .....#. .
#
..#X##...#.#
...##.#xX#
...# #
###G##.## .#
#@##...# .#
#YDX.#.# ...
##.#.......#
##.#..$# ...
###..## ###
## #


You could see a bone dragon, a glowing orange brain (scary), 3 large
abominations, a sky beast (summoned) and a small abomination (summoned).

Vanquished Creatures
  A hungry ghost (D:6)
  Duvessa (D:5)
  A phantom (D:4)
  A centaur (D:5)
  A bullfrog (D:6)
  A scorpion (D:4)
  Dowan (D:5)
  2 crimson imps
  A centaur zombie (D:5)
  4 hounds
  An orc priest (D:6)
  A gnoll shaman (D:4)
  3 orc wizards
  A centaur skeleton (D:4)
  An iguana (D:1)
  2 worker ants
  A hound skeleton (D:4)
  6 gnolls
  8 adders
  5 worms
  2 dart slugs
  4 leopard geckos
  10 orcs
  8 bats
  4 giant cockroaches
  12 hobgoblins
  7 jackals
  5 frilled lizards
  9 goblins
  A jackal skeleton (D:4)
  8 kobolds
  8 rats
121 creatures vanquished.

Vanquished Creatures (others)
  A hungry ghost (D:4)
  A gnoll (D:4)
  An orc (D:4)
3 creatures vanquished.

Grand Total: 124 creatures vanquished

Notes
Turn   | Place    | Note
-------+----------+-------------------------------------------
     0 | D:1      | Lauz the Demigod Wanderer began the quest for the Orb.
     0 | D:1      | Lauz set off with the following items: a +2 quarterstaff, 2
                  | potions of lignification, a +0 robe, a ration
     0 | D:1      | Reached XP level 1. HP: 23/23 MP: 4/4
   175 | D:1      | Reached XP level 2. HP: 28/30 MP: 5/5
   581 | D:1      | Reached skill level 1 in Spellcasting
   721 | D:1      | Reached XP level 3. HP: 29/37 MP: 6/6
  1129 | D:2      | Reached skill level 6 in Fighting
  1282 | D:2      | Found a blossoming altar of Fedhas.
  1341 | D:2      | Reached XP level 4. HP: 40/44 MP: 8/8
  1849 | D:2      | Found a hide-covered altar of Uskayaw.
  2641 | D:3      | Found a shattered altar of Ashenzari.
  2641 | D:3      | Noticed Sigmund
  2658 | D:3      | Reached XP level 5. HP: 49/50 MP: 10/10
  3212 | D:4      | Noticed a hungry ghost
  3517 | D:4      | Noticed a phantom
  3547 | D:4      | Killed a phantom
  3547 | D:4      | Reached XP level 6. HP: 45/58 MP: 10/12
  3620 | D:4      | Killed a hungry ghost
  3658 | D:4      | Reached skill level 7 in Fighting
  3757 | D:4      | Found a staircase to the Ecumenical Temple.
  4668 | D:5      | Entered Level 5 of the Dungeon
  4761 | D:5      | You fall into a shaft and drop 1 floor!
  4821 | D:6      | Noticed a hungry ghost
  4839 | D:6      | Killed a hungry ghost
  4839 | D:6      | Reached XP level 7. HP: 66/67 MP: 14/14
  4931 | D:6      | Reached skill level 8 in Fighting
  5175 | D:6      | Noticed Blork the orc
  5246 | D:5      | Noticed Duvessa
  5579 | D:5      | Noticed Dowan
  5598 | D:5      | Killed Dowan
  5760 | D:5      | Killed Duvessa
  5857 | D:5      | Reached skill level 1 in Armour
  6169 | D:5      | Reached XP level 8. HP: 39/77 MP: 16/16
  6603 | D:5      | Found a runed translucent gate.
  6603 | D:5      | Found a runed translucent gate.
  6603 | D:5      | Found a runed translucent gate.
  6604 | D:5      | Noticed Hasart's ghost (amateur DDFi)
  6604 | D:5      | Identified the cursed +0 whip of Haunted Gallantry {drain,
                  | rC+ rN+ Dex+3}
  6998 | D:5      | Cast into level 1 of the Abyss (kobold)
  7022 | Abyss:1  | Found a corrupted altar of Lugonu.
  7070 | Abyss:1  | Noticed a glowing orange brain
  7084 | Abyss:1  | Noticed a large abomination
  7088 | Abyss:1  | Noticed a bone dragon
  7100 | Abyss:1  | Slain by a bone dragon

Illustrated notes

Levels and vault maps discovered:
D:1:      dpeg_arrival_rooms_c, layout_loops_ring, st_stairs_6,
          kennysheep_decorative_pillar
D:2:      minmay_spotlight, layout_basic, fedhas_altar_fruit_tree,
          nicolae_overflow_hidden_temple, first_ration
D:3:      layout_loops_ring, cheibrodos_ashenzari_chains, uniq_sigmund
D:4:      layout_loops_corners, minmay_temple_entry_nine_rooms,
          lemuel_old_faithful
D:5:      layout_basic, gammafunk_ghost_nasty_kobolds, hangedman_decor_opposing,
          uniq_duvessa
D:6:      layout_cave_pods, basic_altar, uniq_blork_the_orc
Abyss:1:  base: D:3, bh_abyss_xom_lugonu_altar

Skill      XL: |  1  2  3  4  5  6  7 |
---------------+----------------------+-----
Staves         | 2 3 4 |  4.3
Spellcasting   | 1 2 3 |  3.4
Fighting       | 6 7 8 |  8.9
Armour         | 1 |  1.3
Evocations     | |  1.7

Action                   |  1- 3 |  4- 6 |  7- 9 || total
-------------------------+-------+-------+-------++-------
Melee: Quarterstaff      |    99 |   198 |   126 ||   423
  Use: Scroll            |       |     4 |     4 ||     8
       Potion            |       |       |     2 ||     2
 Stab: Sleeping          |     2 |     4 |       ||     6
  Eat: Chunk             |     1 |    13 |     6 ||    20
       Ration            |       |       |     1 ||     1
Armor: Robe              |    27 |    44 |    23 ||    94
       Skin              |       |       |    22 ||    22
       Leather armour    |       |       |    11 ||    11
Dodge: Dodged            |    63 |    82 |    60 ||   205

Table legend:
 A = Non-vault XP
 B = Vault XP
 C = Vault XP percentage of total XP
 D = Non-vault monster count
 E = Vault monster count
 F = Vault count percentage of total count
                 A         B        C        D         E       F
            +---------+---------+-------+---------+---------+-------
      Total |    1559 |     225 |  12.6 |     113 |       8 |   6.6
            +---------+---------+-------+---------+---------+-------
        D:1 |      86 |       2 |   2.3 |      30 |       1 |   3.2
        D:2 |     113 |      19 |  14.4 |      25 |       5 |  16.7
        D:3 |      33 |       0 |   0.0 |      14 |       0 |   0.0
        D:4 |     446 |       0 |   0.0 |      19 |       0 |   0.0
        D:5 |     388 |     204 |  34.5 |      14 |       2 |  12.5
        D:6 |     493 |       0 |   0.0 |      11 |       0 |   0.0
            +---------+---------+-------+---------+---------+-------
